 Dungeon Crawl Stone Soup version 0.29.1-13-g9f3cf754e1 (webtiles) character file.

Game seed: 6666879219745991827

5708 KamiKatze the Thaumaturge (level 10, -6/53 HPs)
             Began as a Deep Elf Conjurer on Feb 8, 2023.
             Shot with an arrow by a centaur warrior (23 damage)
             ... on level 8 of the Dungeon.
             The game lasted 00:41:30 (10438 turns).

KamiKatze the Thaumaturge (Deep Elf Conjurer)      Turns: 10438, Time: 00:41:30

Health: -6/53      AC:  8    Str:  4    XL:     10   Next: 48%
Magic:  12/26      EV: 12    Int: 28    God:
Gold:   480        SH:  0    Dex: 13    Spells: 10/29 levels left

rFire   . . .      SeeInvis .   u - staff of poison
rCold   . . .      Faith    .   (no shield)
rNeg    . . .      Spirit   .   a - +0 robe
rPois   +          Reflect  .   (no helmet)
rElec   .          Harm     .   w - +2 cloak
rCorr   .          Rampage  .   h - +0 pair of gloves
Will    +....                   q - +1 pair of boots
Stlth   ++........              (no amulet)
HPRegen 0.17/turn               (no ring)
MPRegen 0.20/turn               (no ring)

@: no status effects
A: no striking features
a: no special abilities


You were on level 8 of the Dungeon.
You visited 2 branches of the dungeon, and saw 9 of its levels.

You collected 480 gold pieces.

Inventory:

Hand Weapons
 k - a +2 dagger of venom
 y - a +1 dagger of draining
Missiles
 f - 8 stones
 v - 3 poisoned darts (quivered)
Armour
 a - a +0 robe (worn)
 h - a +0 pair of gloves (worn)
 q - a +1 pair of boots (worn)
 w - a +2 cloak (worn)
 x - a +0 buckler
Magical Staves
 u - a staff of poison (weapon)
Jewellery
 p - an amulet of guardian spirit
Wands
 H - a wand of polymorph (13)
Scrolls
 d - 2 scrolls of fear {unknown}
 g - a scroll of immolation {unknown}
 i - 5 scrolls of teleportation
 j - a scroll of silence {unknown}
 l - a scroll of torment {unknown}
 m - a scroll of amnesia {unknown}
 o - a scroll of noise {unknown}
 r - 3 scrolls of vulnerability
 s - 2 scrolls of enchant armour {unknown}
 D - 5 scrolls of blinking {unknown}
Potions
 b - 3 potions of magic
 c - 4 potions of brilliance
 e - a potion of invisibility
 n - 5 potions of curing
 t - a potion of mutation {unknown}
 z - a potion of attraction {unknown}
 A - a potion of lignification
 B - 3 potions of ambrosia
 C - a potion of haste
 E - a potion of cancellation {unknown}
 F - 3 potions of heal wounds
 G - a potion of degeneration {unknown}
 I - a potion of flight {unknown}


   Skills:
 - Level 2.0 Fighting
 - Level 2.0 Throwing
 - Level 3.0 Dodging
 - Level 3.0 Stealth
 * Level 3.2 Shields
 * Level 10.3 Spellcasting
 * Level 9.4 Conjurations
 + Level 8.9 Hexes
 + Level 7.4 Translocations
 * Level 1.0 Fire Magic
 - Level 2.0 Evocations


You had 10 spell levels left.
You knew the following spells:

 Your Spells              Type           Power      Damage    Failure   Level
a - Magic Dart            Conj           100%       1d8       1%          1
b - Searing Ray           Conj           100%       2d8       1%          2
c - Fulminant Prism       Conj/Hex       30%        3d16      1%          4
d - Iskenderun's Mystic   Conj/Tloc      58%        2d12      1%          4
e - Fireball              Conj/Fire      21%        3d10      13%         5
t - Tukima's Dance        Hex            59%        N/A       1%          3

Your spell library contained the following spells:

 Spells                   Type           Power      Damage    Failure   Level
 Slow                     Hex            100%       N/A       1%          1
 Confusing Touch          Hex            59%        N/A       1%          3
 Conjure Flame            Conj/Fire      43%        6-21      1%          3
 Dazzling Flash           Conj/Hex       100%       N/A       1%          3
 Gell's Gravitas          Tloc           54%        N/A       1%          3
 Portal Projectile        Hex/Tloc       100%       N/A       1%          3
 Teleport Other           Tloc           54%        N/A       1%          3
 Iskenderun's Battlesphe  Conj           61%        2d11      2%          5
 Sticky Flame             Conj/Fire      43%        2d6       4%          4
 Leda's Liquefaction      Hex/Erth       19%        N/A       6%          4
 Ignite Poison            Fire/Tmut/Pois 24%        N/A       10%         3
 Call Canine Familiar     Summ           14%        N/A       12%         3
 Vampiric Draining        Necr           14%        2d7       12%         3
 Dispersal                Tloc           27%        N/A       28%         6
 Orb of Destruction       Conj           30%        9d10      56%         7
 Conjure Ball Lightning   Conj/Air       20%        3x3d6     65%         6
 Blade Hands              Tmut           7%         N/A       73%         5


Dungeon Overview and Level Annotations

Branches:
Dungeon (8/15)             Temple (1/1) D:5
   Lair: D:8-11

Altars:
Ashenzari
Cheibriados
Dithmenos
Elyvilon
Fedhas
Gozag
Hepliaklqana
Kikubaaqudgha
Makhleb
Nemelex Xobeh
Okawaru
Qazlal
Ru
Sif Muna
Trog
Uskayaw
Wu Jian
Xom
Yredelemnul
The Shining One

Shops:
D:3 (   D:6 (

Annotations:
D:5 2 transporters, P0WERM0DE's ghost, novice PaIE


Message History

i - 5 scrolls of teleportation (gained 1)
F - 3 potions of heal wounds (gained 1)
You open the door. 2 lemures come into view.
The lemure shouts!
You hear a shout!
A lemure comes into view. x2
There are monsters nearby!
Unknown command.
Casting: Fulminant Prism (dangerous; 1% risk of failure)
Confirm with . or Enter, or press ? or * to list all spells.
Aiming: Fulminant Prism (dangerous; 1% risk of failure)
Press: ? - help, Dir - move target You conjure a prism of explosive energy!
The lemure shouts! x2
A fulminant prism comes into view.
Your fulminant prism crackles loudly.
A centaur warrior comes into view.
Your fulminant prism explodes!
The blast of energy engulfs the lemure!!!
You kill the lemure!
That felt strangely unrewarding.
The centaur warrior moves out of view.
You hear a shout!
Casting: Fulminant Prism (dangerous; 1% risk of failure)
Confirm with . or Enter, or press ? or * to list all spells.
Aiming: Fulminant Prism (dangerous; 1% risk of failure)
Press: ? - help, Dir - move target You conjure a prism of explosive energy!
A fulminant prism comes into view.
The centaur warrior wields a +0 shortbow.
The centaur warrior shoots an arrow.
The arrow completely misses you.
Your fulminant prism crackles loudly.
The centaur warrior shoots an arrow.
The arrow hits you!
Your fulminant prism explodes!
The blast of energy engulfs the lemure!!
The lemure is almost dead.
You hear a shout!
The centaur warrior shoots an arrow.
The arrow hits you!
* * * LOW HITPOINT WARNING * * *
The centaur warrior shoots an arrow.
The arrow hits you!!
You die...

#.......#######.#.##
####...## #.#.## ##.##
#.#.## #.# #.#.## #.#
#.#.## ##'## #.#.##
##^..## #.#.##
##.)...## #.....
##.@.....## ##.#.## .
#.........####....##
c.+.........+.........
#.c.........####....##
##.#.).....## ##..##
#........## ##.#
#.###...## #.# #.
##5## #.# # #.# #.#


You could see a centaur warrior and a lemure.

Vanquished Creatures
  Amaemon (D:8)
  An orange demon (D:8)
  Maggie (D:8)
  A troll (D:8)
  Prince Ribbit (D:6)
  Grinder (D:3)
  2 water moccasins
  Duvessa (D:4)
  4 orc warriors
  4 ice beasts
  2 black bears
  4 ogres
  2 centaurs
  A lemure (D:8)
  A phantom (D:5)
  Blork the orc (D:5)
  2 scorpions
  2 bullfrogs
  4 necrophages
  8 wights (D:7)
  Dowan (D:4)
  3 killer bees (D:8)
  A hound (D:6)
  A gnoll bouda (D:8)
  9 orc priests
  8 orc wizards
  7 iguanas
  3 gnolls (D:8)
  8 adders
  7 river rats (D:5)
  A shadow imp (D:7)
  2 white imps
  A worm (D:3)
  A dart slug (D:2)
  32 orcs
  A bat (D:3)
  6 endoplasms
  3 giant cockroaches
  9 goblins
  8 hobgoblins
  2 jackals (D:2)
  7 kobolds
  7 quokkas
  12 ball pythons
  2 frilled lizards (D:2)
  18 rats
  A fulminant prism (D:8)
205 creatures vanquished.

Vanquished Creatures (others)
  A wizard (D:5)
  A dancing weapon (D:3)
  An orc wizard (D:8)
  An orc (D:8)
  82 fulminant prisms
  21 plants
  A withered plant (D:6)
108 creatures vanquished.

Grand Total: 313 creatures vanquished

Notes
Turn   | Place    | Note
-------+----------+-------------------------------------------
     0 | D:1      | KamiKatze the Deep Elf Conjurer began the quest for the
                  | Orb.
     0 | D:1      | Reached XP level 1. HP: 10/10 MP: 6/6
   482 | D:1      | Reached XP level 2. HP: 15/15 MP: 4/8
   485 | D:1      | Learned a level 2 spell: Searing Ray
   619 | D:1      | Reached skill level 1 in Hexes
   946 | D:2      | Reached XP level 3. HP: 18/19 MP: 5/9
   990 | D:2      | Reached skill level 1 in Translocations
  1196 | D:2      | Found a faded altar of an unknown god.
  1797 | D:3      | Found a hazy altar of Hepliaklqana.
  2339 | D:4      | Noticed an ogre
  2361 | D:4      | Learned a level 3 spell: Tukima's Dance
  2374 | D:4      | Reached XP level 4. HP: 23/24 MP: 8/11
  2531 | D:4      | Noticed Duvessa
  2663 | D:4      | Killed an ogre
  2664 | D:4      | Reached skill level 4 in Spellcasting
  2664 | D:4      | Reached skill level 5 in Conjurations
  2664 | D:4      | Reached skill level 1 in Evocations
  2664 | D:4      | Reached XP level 5. HP: 17/28 MP: 4/13
  2669 | D:4      | Learned a level 4 spell: Fulminant Prism
  2791 | D:3      | Noticed Grinder
  2841 | D:3      | Paralysed by Grinder for 2 turns
  3053 | D:3      | Killed Grinder
  3054 | D:3      | Reached skill level 1 in Throwing
  3054 | D:3      | Reached XP level 6. HP: 28/32 MP: 7/15
  3108 | D:3      | Learned a level 4 spell: Iskenderun's Mystic Blast
  3195 | D:3      | Found Nait's Antique Weapon Emporium.
  3240 | D:3      | Reached skill level 5 in Spellcasting
  3426 | D:3      | Found a shimmering blue altar of Sif Muna.
  3429 | D:3      | Found a stormy altar of Qazlal.
  3430 | D:3      | Found a glowing golden altar of the Shining One.
  3699 | D:3      | Reached XP level 7. HP: 16/36 MP: 4/16
  4334 | D:4      | Noticed Dowan
  4341 | D:4      | Killed Duvessa
  4346 | D:4      | Killed Dowan
  4393 | D:4      | Found a blossoming altar of Fedhas.
  4564 | D:4      | Reached skill level 6 in Spellcasting
  4564 | D:4      | Reached skill level 5 in Hexes
  4678 | D:5      | Entered Level 5 of the Dungeon
  4806 | D:5      | Found a bloodstained altar of Trog.
  4808 | D:5      | Noticed a wizard
  4813 | D:5      | Killed a wizard
  4898 | D:5      | Found a transporter.
  4910 | D:5      | Found a staircase to the Ecumenical Temple.
  4910 | D:5      | Noticed Blork the orc
  4916 | D:5      | Killed Blork the orc
  4917 | D:5      | Reached XP level 8. HP: 41/41 MP: 11/19
  4939 | Temple   | Entered the Ecumenical Temple
  5225 | D:5      | Found a sacrificial altar of Ru.
  5285 | D:5      | Found a shadowy altar of Dithmenos.
  5550 | D:5      | Reached skill level 5 in Translocations
  5566 | D:5      | Reached skill level 7 in Spellcasting
  6311 | D:5      | Found a transporter.
  6323 | D:5      | Identified the +5 scale mail of Zaom Par {Regen+ Slay+2
                  | Stlth+}
  6392 | D:5      | Noticed P0WERM0DE's ghost (novice PaIE)
  6488 | D:6      | Noticed Prince Ribbit
  6491 | D:6      | Killed Prince Ribbit
  6492 | D:6      | Reached XP level 9. HP: 45/45 MP: 9/22
  6504 | D:6      | Reached skill level 8 in Spellcasting
  6859 | D:6      | Found a broken altar of Ashenzari.
  7019 | D:6      | Found an ancient bone altar of Kikubaaqudgha.
  7410 | D:6      | Found Cinoneta's Weapon Emporium.
  7550 | D:7      | Found an ornate altar of the Wu Jian Council.
  7924 | D:7      | Reached skill level 1 in Shields
  7924 | D:7      | Reached skill level 9 in Spellcasting
  8450 | D:7      | Reached skill level 1 in Fighting
  9175 | D:8      | Noticed Amaemon
  9334 | D:8      | Killed Amaemon
  9335 | D:8      | Reached XP level 10. HP: 52/52 MP: 13/25
  9336 | D:8      | Noticed an orange demon
  9345 | D:8      | Killed an orange demon
  9551 | D:8      | Reached skill level 10 in Spellcasting
 10060 | D:8      | Learned a level 5 spell: Fireball
 10402 | D:8      | Noticed Maggie
 10411 | D:8      | Killed Maggie
 10412 | D:8      | Reached skill level 1 in Fire Magic
 10433 | D:8      | Noticed a centaur warrior
 10438 | D:8      | Shot with an arrow by a centaur warrior

Illustrated notes

Levels and vault maps discovered:
D:1:      matt_arrival_spirals, layout_basic
D:2:      layout_rooms, ebering_ecumenical_altar_petrified,
          kennysheep_generic_room_5
D:3:      layout_basic, mainiacjoe_overflow_cross_hatched, minitemple,
          serial_shops, shop, uniq_grinder
D:4:      minmay_door_path, layout_basic, fedhas_altar_4, serial_bayou,
          serial_bayou_shore_b, serial_bayou_lake_a, serial_bayou_pond_d,
          serial_bayou_shore_b, minmay_divided_ellipse, uniq_duvessa
D:5:      lemuel_ratsnest, layout_gridville, grunt_dithmenos_smoke,
          kennysheep_mini_moat, trog_wizard, minmay_temple_entry_statues,
          gammafunk_ghost_gnarly_gnolls, uniq_blork_the_orc
D:6:      layout_basic, general_overflow_altar, kiku_gazebo_garden_becter,
          serial_shops, nicolae_shop_window_shopping, uniq_prince_ribbit1
D:7:      layout_basic, mainiacjoe_overflow_boulevard,
          eino_small_chamber_without_monster
D:8:      minmay_cornered_nines, layout_loops_corners, zin_statuary,
          lemuel_flamethrower_2, uniq_pikel, uniq_maggie, uniq_amaemon
Temple:   jpeg_temple_island

Skill      XL: |  1  2  3  4  5  6  7  8  9 10 |
---------------+-------------------------------+-----
Hexes          | 1 2 3 4 5 7 8 |  8.9
Translocations | 1 2 3 4 6 7 |  7.4
Stealth        | 3 |  3.0
Dodging        | 3 |  3.0
Spellcasting   | 4 5 6 7 9 10 | 10.3
Conjurations   | 5 6 7 8 9 |  9.4
Evocations     | 1 2 |  2.0
Throwing       | 1 2 |  2.0
Shields        | 2 3 |  3.2
Fighting       | 1 2 |  2.0
Fire Magic     | 1 |  1.0

Action                   |  1- 3 |  4- 6 |  7- 9 | 10-12 || total
-------------------------+-------+-------+-------+-------++-------
Melee: Dagger            |     7 |       |       |       ||     7
       Club              |     1 |       |       |       ||     1
       Staff             |       |       |     7 |     7 ||    14
 Cast: Magic Dart        |    75 |    15 |    60 |     2 ||   152
       Searing Ray       |     9 |    12 |    41 |     2 ||    64
       Tukima's Dance    |       |     3 |     3 |       ||     6
       Fulminant Prism   |       |       |    51 |    32 ||    83
       Iskenderun's Myst |       |       |    10 |     4 ||    14
  Use: Scroll            |       |       |     8 |     1 ||     9
 Stab: Sleeping          |     2 |       |       |       ||     2
Armor: Robe              |     5 |     7 |    19 |     9 ||    40
Dodge: Dodged            |    10 |    11 |    19 |     4 ||    44
